 Dungeon Crawl Stone Soup version 0.26.0-7-g794d0892b4 (webtiles) character file.

Game seed: 14566100530982807645

40 jackrogers the Sneak (level 3, -2/33 HPs)
             Began as a Deep Dwarf Delver on Jan 12, 2021.
             Slain by an ice beast (12 damage)
             ... on level 5 of the Dungeon.
             The game lasted 00:01:15 (198 turns).

jackrogers the Sneak (Deep Dwarf Delver)             Turns: 198, Time: 00:01:16

Health: -2/33      AC:  3    Str: 16    XL:     3   Next: 30%
Magic:  2/2        EV: 12    Int: 10    God:
Gold:   0          SH:  0    Dex: 14    Spells: 2/2 levels left

rFire    . . .     SeeInvis .   a - +0 hand axe
rCold    . . .     Faith    .   (no shield)
rNeg     . . .     Spirit   .   b - +0 leather armour
rPois    .         Reflect  .   (no helmet)
rElec    .         Harm     .   (no cloak)
rCorr    .         Rampage  .   (no gloves)
Will     .....                  (no boots)
Stlth    +++.......             (no amulet)
HPRegen  0.00/turn              (no ring)
MPRegen  0.08/turn              (no ring)

@: non-regenerating
A: damage resistance, heal wounds, sense surroundings 1, no regeneration
a: Heal Wounds


You were on level 5 of the Dungeon.
You visited 1 branch of the dungeon, and saw 2 of its levels.

Inventory:

Hand Weapons
 a - a +0 hand axe (weapon)
Armour
 b - a +0 leather armour (worn)
Wands
 g - a wand of digging (3)
Scrolls
 c - a scroll of fog
 d - a scroll of blinking {unknown}
 e - a scroll of fear
 i - a scroll of immolation {unknown}
Potions
 f - a potion of haste


   Skills:
 - Level 2.6 Fighting
 + Level 4.2 Axes
 - Level 2.1 Dodging
 - Level 6.0 Stealth


You had 2 spell levels left.
You didn't know any spells.
Your spell library was empty.

Dungeon Overview and Level Annotations

Branches:
Dungeon (6/15)
 Temple: D:4-7

Altars:

Annotations:
D:6 Eustachio


Innate Abilities, Weirdness & Mutations

You are resistant to damage.
You can heal yourself by infusing magical energy.
You passively map a small area around you.
You do not regenerate.


Message History

Warning x3: The jackal (wandering) is fast! x3
Warning x3: The jackal (wandering) is fast! x3
The jackal barks! x2; You hear a bark!
The jackal barks!
Warning x3: The jackal is fast! x3
The jackal barely misses you.
You hit the jackal. The jackal closely misses you.
You hit the jackal.
You kill the jackal!
A jackal comes into view.
The jackal misses you.
You have reached level 3!
Your experience leads to an increase in your attributes!
Increase (s)trength, (i)ntelligence, or (d)exterity?
You feel stronger.
Spoiler Alert: The phantom (wandering) can hit for moderate damage in melee and blinks!
The jackal barks!
You hit the jackal.
The phantom blinks!
The jackal bites you.
You miss the jackal. The jackal misses you. The jackal barely misses you.
You hit the jackal.
You kill the jackal!
You closely miss the jackal. The jackal closely misses you.
The jackal barely misses you.
Spoiler Alert: The shadow imp (wandering) can cast Pain and Animate Dead!
You hit the jackal.
You kill the jackal!
The jackal bites you but does no damage.
Your Axes skill increases to level 4!
Spoiler Alert: The shadow imp can cast Pain and Animate Dead!
You closely miss the jackal. The jackal bites you.
Warning x2: The phantom can hit for moderate damage in melee and blinks!
The shadow imp can cast Pain and Animate Dead!
You closely miss the jackal. The jackal completely misses you.
The shadow imp sputters.
The jackal bites you.
Warning x2: The phantom can hit for moderate damage in melee and blinks!
The shadow imp can cast Pain and Animate Dead!
Okay, then.
Warning x2: The phantom can hit for moderate damage in melee and blinks!
The shadow imp can cast Pain and Animate Dead!
You miss the jackal. You hit the phantom but do no damage.
The phantom hits you but does no damage.
The jackal bites you but does no damage.
Warning x2: The phantom can hit for moderate damage in melee and blinks!
The shadow imp can cast Pain and Animate Dead!
You hit the jackal. You barely miss the phantom. The jackal closely misses you.
The phantom hits you.
The phantom blinks!
The jackal bites you.
Spoiler Alert: The shadow imp can cast Pain and Animate Dead!
You hit the jackal.
You kill the jackal!
You slash the shadow imp! The shadow imp misses you.
You slash the shadow imp!
You kill the shadow imp!
Spoiler Alert: The phantom can hit for moderate damage in melee and blinks!
The phantom blinks!
You closely miss the phantom.
The phantom blinks!
The phantom blinks!
You see here 14 gold pieces.
You hit the phantom but do no damage. The phantom hits you!
* * * LOW HITPOINT WARNING * * *
Spoiler Alert: The phantom can hit for moderate damage in melee and blinks!
You closely miss the phantom. The phantom hits you.
* * * LOW HITPOINT WARNING * * *
Unknown command.
Okay, then.
Your magical essence is drained by the effort!
You feel much better. The phantom closely misses you.
Spoiler Alert: The phantom can hit for moderate damage in melee and blinks!
You barely miss the phantom. The phantom hits you!
You closely miss the phantom.
The phantom blinks!
You completely miss the phantom. The phantom closely misses you.
The phantom completely misses you. The phantom closely misses you.
An ice beast comes into view.
The phantom blinks!
Warning x2: The ice beast (asleep) can hit for moderate damage in melee!
The phantom can hit for moderate damage in melee and blinks!
Warning x2: The ice beast (asleep) can hit for moderate damage in melee!
The phantom can hit for moderate damage in melee and blinks!
Warning x2: The phantom can hit for moderate damage in melee and blinks!
The ice beast can hit for moderate damage in melee!
Warning x2: The phantom can hit for moderate damage in melee and blinks!
The ice beast can hit for moderate damage in melee!
You hit the ice beast. The ice beast closely misses you.
The phantom blinks!
Spoiler Alert: The ice beast can hit for moderate damage in melee!
You hit the ice beast. The ice beast completely misses you.
The ice beast closely misses you.
You barely miss the ice beast.
The ice beast hits you but does no damage.
You hit the ice beast but do no damage. The ice beast closely misses you.
Warning x2: The phantom can hit for moderate damage in melee and blinks!
The ice beast can hit for moderate damage in melee!
You hit the ice beast but do no damage. The ice beast hits you.
The ice beast freezes you.
Warning x2: The phantom can hit for moderate damage in melee and blinks!
The ice beast can hit for moderate damage in melee!
You closely miss the ice beast. The ice beast closely misses you.
Warning x2: The phantom can hit for moderate damage in melee and blinks!
The ice beast can hit for moderate damage in melee!
You hit the ice beast. The ice beast hits you. The ice beast freezes you.
Warning x2: The phantom can hit for moderate damage in melee and blinks!
The ice beast can hit for moderate damage in melee!
You closely miss the ice beast. You hit the phantom.
The phantom barely misses you. The ice beast hits you.
The ice beast freezes you!
The phantom hits you but does no damage.
Warning x2: The phantom can hit for moderate damage in melee and blinks!
The ice beast can hit for moderate damage in melee!
You hit the ice beast but do no damage. You closely miss the phantom.
The ice beast closely misses you. The phantom closely misses you.
Warning x2: The phantom can hit for moderate damage in melee and blinks!
The ice beast can hit for moderate damage in melee!
You hit the ice beast but do no damage. You hit the phantom but do no damage.
The ice beast hits you. The ice beast freezes you!
You die...

####* ##### #...####...#
#..Y@W.....# #...####...####
************#...#...ยง.....####
*,,,,,,,,,<...#.#............#
*,********###...#.......?.##.#
,,* #*####.#...#####.#### ***
#.#...##..[..?.. *** ***
#.#...##.#...$.. ,,* **,******
#.##.###,#.#####


You could see a phantom and an ice beast.

Vanquished Creatures
  A centaur skeleton (D:5)
  A shadow imp (D:5)
  4 jackals (D:5)
6 creatures vanquished.

Notes
Turn   | Place    | Note
-------+----------+-------------------------------------------
     0 | D:5      | jackrogers the Deep Dwarf Delver began the quest for the
                  | Orb.
     0 | D:5      | Reached XP level 1. HP: 20/20 MP: 1/1
     9 | D:5      | Noticed a scorpion
    24 | D:6      | Noticed Eustachio
    24 | D:6      | Noticed a gnoll sergeant
    34 | D:5      | Noticed a worker ant
    65 | D:5      | Reached skill level 3 in Axes
    65 | D:5      | Reached XP level 2. HP: 9/27 MP: 2/2
   131 | D:5      | Noticed a phantom
   140 | D:5      | Reached XP level 3. HP: 11/33 MP: 3/3
   145 | D:5      | Reached skill level 4 in Axes
   165 | D:5      | HP: 4/33 [phantom (6)]
   166 | D:5      | HP: 1/33 [phantom (3)]
   185 | D:5      | Noticed an ice beast
   198 | D:5      | Slain by an ice beast

Illustrated notes

Levels and vault maps discovered:
D:5:      layout_loops_ring
D:6:      layout_layer_cave, kennysheep_mini_moat, serial_shops,
          nicolae_shop_trees, minmay_fractal_squares_diagonal_5, uniq_eustachio

Skill      XL: |  1  2  3 |
---------------+----------+-----
Axes           | 3 4 |  4.2
Fighting       | |  2.6
Dodging        | |  2.1
Stealth        | |  6.0

Action                   || total
-------------------------++-------
Melee: Hand axe          ||    40
 Abil: Heal Wounds       ||     1
  Use: Scroll            ||     2
Armor: Leather armour    ||     9
Dodge: Dodged            ||    26

Table legend: (Time is in decaauts)
 A = Elapsed time spent in this place.
 B = Non-inter-level travel time spent in this place.
 C = Inter-level travel time spent in this place.
 D = Time resting spent in this place.
 E = Time spent auto-exploring this place.
 F = Levels seen in this place.
 G = Mean time per level.
                   A        B        C        D        E       F      G
               +--------+--------+--------+--------+--------+-----+--------+
         Total |    203 |    203 |      0 |     66 |      0 |   2 |  101.5 |
       Dungeon |    203 |    203 |      0 |     66 |      0 |   2 |  101.5 |
               +--------+--------+--------+--------+--------+-----+--------+

Top non-repeatable levels by time:
     D:5: 201 daAuts
     D:6: 1 daAuts

Table legend:
 A = Kills in this place as a percentage of kills in entire the game.
 B = Kills by you in this place as a percentage of kills by you in the entire game.
 C = Kills by friends in this place as a percentage of kills by friends in the entire game.
 D = Other kills in this place as a percentage of other kills in the entire game.
 E = Experience gained in this place as a percentage of experience gained in the entire game.
 F = Experience gained in this place divided by the number of levels of this place that you have seen.
                   A       B       C       D       E      F
               +-------+-------+-------+-------+-------+----------------------
         Total | 100.0 | 100.0 |   N/A |   N/A | 100.0 |  29.0
       Dungeon | 100.0 | 100.0 |   N/A |   N/A | 100.0 |  29.0
               +-------+-------+-------+-------+-------+----------------------
